MLB
WASHINGTON NATIONALS @ OAKLAND ATHLETICS
04/15/2039
 
TOP OF THE 1ST
Washington Nationals batting - Pitching for Oakland Athletics : RHP David Amaya
Pitching: RHP David Amaya
Batting: LHB Irving Cranshaw 0-0: Called Strike
0-1: Foul Ball, location: 7LDF
0-2: Ball
1-2: Strikes out looking
Batting: SHB Jacob Holloway 0-0: Ball
1-0: Swinging Strike
1-1: Ball
2-1: Ball
3-1: Ground out 4-3 (Groundball, 4, EV 97.5 MPH)
Batting: LHB Ben Thompson 0-0: Ball
1-0: Ball
2-0: Ball
3-0: Called Strike
3-1: Ground out 6-3 (Groundball, 4M, EV 90.0 MPH)
Top of the 1st over - 0 runs, 0 hits, 0 errors, 0 left on base; Washington 0 - Oakland 0
BOTTOM OF THE 1ST
Oakland Athletics batting - Pitching for Washington Nationals : RHP Danny Navarrete
Pitching: RHP Danny Navarrete
Batting: LHB Emmanuel Mejia 0-0: Bunt for hit to 25 - play at first, batter safe!
Batting: LHB Doug Yoder 0-0: Called Strike
0-1: Foul Ball, location: 3SF
0-2: Ball
1-2: SINGLE (Groundball, 34D, EV 100.6 MPH)
Emmanuel Mejia to second
Runner from 2nd tries for 3rd, SAFE, throw by RF made to third
Batting: SHB Bobby Alicea 0-0: SINGLE (Groundball, 4MD, EV 95.6 MPH)
Emmanuel Mejia scores
Doug Yoder to second
Batting: RHB Mike Alderson 0-0: Called Strike
0-1: Swinging Strike
0-2: Ball
1-2: Strikes out swinging
Batting: RHB Jake Corbett 0-0: Called Strike
0-1: Foul Ball, location: 2F
0-2: Strikes out swinging
Batting: RHB Tony Johnson 0-0: Ball
1-0: Called Strike
1-1: SINGLE (Line Drive, 6D, EV 100.0 MPH)
Doug Yoder to third
Bobby Alicea to second
Runner from 3rd tries for Home, SAFE, throw by LF to trailing runner, OUT at third! 7-3-5
Bottom of the 1st over - 2 runs, 4 hits, 0 errors, 1 left on base; Washington 0 - Oakland 2
TOP OF THE 2ND
Washington Nationals batting - Pitching for Oakland Athletics : RHP David Amaya
Batting: RHB Jose Aguilar 0-0: Called Strike
0-1: Ball
1-1: Ball
2-1: Foul Ball, location: 7LMF
2-2: Ball
3-2: Base on Balls
Batting: LHB Eddie Baker 0-0: Swinging Strike
0-1: Ball
1-1: Foul Ball, location: 9LDF
1-2: Strikes out swinging
Batting: RHB Bob Erway 0-0: Called Strike
0-1: Called Strike
0-2: Foul Ball, location: 5FF
0-2: Ball
1-2: Ball
2-2: Foul Ball, location: 7LSF
2-2: Strikes out looking
Batting: LHB Dan Belk 0-0: Ball
1-0: Foul Ball, location: 23F
1-1: Ball
2-1: Foul Ball, location: 2F
2-2: Strikes out looking
Top of the 2nd over - 0 runs, 0 hits, 0 errors, 1 left on base; Washington 0 - Oakland 2
BOTTOM OF THE 2ND
Oakland Athletics batting - Pitching for Washington Nationals : RHP Danny Navarrete
Batting: RHB Jhoan Paulino 0-0: Called Strike
0-1: Ball
1-1: Ball
2-1: Foul Ball, location: 2F
2-2: Ball
3-2: Strikes out swinging
Batting: SHB Henyer Gomez 0-0: Ball
1-0: Foul Ball, location: 7LMF
1-1: Called Strike
1-2: SINGLE (Line Drive, 56D, EV 107.5 MPH)
Batting: LHB Jose Gonzalez 0-0: Ball
1-0: Foul Ball, location: 3F
1-1: Called Strike
1-2: SINGLE (Groundball, 4M, EV 105.0 MPH) (infield hit)
Henyer Gomez to second
Batting: LHB Emmanuel Mejia 0-0: Called Strike
0-1: Swinging Strike
0-2: SINGLE (Groundball, 6D, EV 108.1 MPH)
Henyer Gomez to third
Jose Gonzalez to second
Runner from 3rd tries for Home, SAFE, throw by LF to home
Batting: LHB Doug Yoder 0-0: Foul Ball, location: 7LMF
0-1: Fielders Choice at 2nd, 6-4 (Groundball, 6MS, EV 81.3 MPH)
Jose Gonzalez to third
Batting: SHB Bobby Alicea 0-0: Foul Ball, location: 2F
0-1: Ball
1-1: Foul Ball, location: 25FF
1-2: Ground out 1-3 (Groundball, 13S, EV 63.8 MPH)
Bottom of the 2nd over - 1 run, 3 hits, 0 errors, 2 left on base; Washington 0 - Oakland 3
TOP OF THE 3RD
Washington Nationals batting - Pitching for Oakland Athletics : RHP David Amaya
Batting: RHB Ian Peters 0-0: Ground out 5-3 (Groundball, 56, EV 88.1 MPH)
Batting: LHB Dorian Gonzalez 0-0: Ball
1-0: Ball
2-0: Foul Ball, location: 25F
2-1: Swinging Strike
2-2: Foul Ball, location: 2F
2-2: Foul Ball, location: 3SF
2-2: Ground out 4-3 (Groundball, 4M, EV 89.4 MPH)
Batting: LHB Irving Cranshaw 0-0: Swinging Strike
0-1: Foul Ball, location: 23F
0-2: Ground out 6-3 (Groundball, 6, EV 77.5 MPH)
Top of the 3rd over - 0 runs, 0 hits, 0 errors, 0 left on base; Washington 0 - Oakland 3
BOTTOM OF THE 3RD
Oakland Athletics batting - Pitching for Washington Nationals : RHP Danny Navarrete
Batting: RHB Mike Alderson 0-0: Ball
1-0: Ball
2-0: Fly out, F5 (Popup, 5S, EV 76.3 MPH)
Batting: RHB Jake Corbett 0-0: SINGLE (Groundball, 5D, EV 95.0 MPH)
Batting: RHB Tony Johnson 0-0: Ball
1-0: Foul Ball, location: 2LF
1-1: Called Strike
1-2: Ball
2-2: Fly out, F9 (Flyball, 9, EV 85.0 MPH)
Batting: RHB Jhoan Paulino 0-0: Ball
1-0: Called Strike
1-1: Ball
2-1: Ball
3-1: Called Strike
3-2: Foul Ball, location: 5F
3-2: Fly out, F8 (Flyball, 8RXD, EV 110.0 MPH)
Bottom of the 3rd over - 0 runs, 1 hit, 0 errors, 1 left on base; Washington 0 - Oakland 3
TOP OF THE 4TH
Washington Nationals batting - Pitching for Oakland Athletics : RHP David Amaya
Batting: SHB Jacob Holloway 0-0: Called Strike
0-1: Foul Ball, location: 3F
0-2: Ball
1-2: Ball
2-2: Ground out U3 (Groundball, 3, EV 84.4 MPH)
Batting: LHB Ben Thompson 0-0: Ball
1-0: Ground out U3 (Groundball, 3, EV 73.8 MPH)
Batting: RHB Jose Aguilar 0-0: Foul Ball, location: 9LSF
0-1: Ball
1-1: Called Strike
1-2: Ball
2-2: Foul Ball, location: 9LSF
2-2: Foul Ball, location: 2F
2-2: SINGLE (Line Drive, 4D, EV 99.4 MPH)
Batting: LHB Eddie Baker 0-0: Foul Ball, location: 2F
0-1: Ball
1-1: Foul Ball, location: 2F
1-2: Ball
2-2: Strikes out swinging
Top of the 4th over - 0 runs, 1 hit, 0 errors, 1 left on base; Washington 0 - Oakland 3
BOTTOM OF THE 4TH
Oakland Athletics batting - Pitching for Washington Nationals : RHP Danny Navarrete
Batting: SHB Henyer Gomez 0-0: Called Strike
0-1: Called Strike
0-2: Ball
1-2: Ball
2-2: Foul Ball, location: 3F
2-2: Ball
3-2: Base on Balls
Batting: LHB Jose Gonzalez 0-0: Called Strike
0-1: Ball
1-1: Swinging Strike
1-2: SINGLE (Groundball, 34, EV 106.9 MPH) (infield hit)
Henyer Gomez to second
Batting: LHB Emmanuel Mejia 0-0: Foul Ball, location: 3FF
0-1: Fly out, F8 (Flyball, 8RXD, EV 108.8 MPH)
Runner from 2nd tags up, SAFE at 3rd, no throw by CF
Batting: LHB Doug Yoder 0-0: Ball
1-0: 3-RUN HOME RUN (Flyball, 7D, EV 97.5 MPH), Distance : 396 ft
Pitching: LHP Bobby Fish
Batting: SHB Bobby Alicea 0-0: SINGLE (Groundball, 4MD, EV 94.4 MPH)
Batting: RHB Mike Alderson 0-0: Called Strike
0-1: Fly out, F8 (Flyball, 78D, EV 106.9 MPH)
Batting: RHB Jake Corbett 0-0: Ball
1-0: Called Strike
1-1: Called Strike
1-2: Foul Ball, location: 5FF
1-2: Strikes out swinging
Bottom of the 4th over - 3 runs, 3 hits, 0 errors, 1 left on base; Washington 0 - Oakland 6
TOP OF THE 5TH
Washington Nationals batting - Pitching for Oakland Athletics : RHP David Amaya
Batting: RHB Bob Erway 0-0: Foul Ball, location: 2F
0-1: Called Strike
0-2: Ball
1-2: Foul Ball, location: 9LMF
1-2: Ground out 6-3 (Groundball, 6, EV 105.0 MPH)
Batting: LHB Dan Belk 0-0: Called Strike
0-1: Foul Ball, location: 7LMFF
0-2: Foul Ball, location: 7LSF
0-2: Ball
1-2: SINGLE (Line Drive, 7S, EV 90.0 MPH)
Batting: RHB Ian Peters 0-0: Foul Ball, location: 7LDF
0-1: Ball
1-1: Fly out, F8 (Line Drive, 8LD, EV 105.0 MPH)
Pitching: LHP Leo Ortiz
Batting: LHB Dorian Gonzalez 0-0: Ball
1-0: Fielders Choice at 2nd, 5-4 (Groundball, 5L, EV 90.0 MPH)
Top of the 5th over - 0 runs, 1 hit, 0 errors, 1 left on base; Washington 0 - Oakland 6
BOTTOM OF THE 5TH
Oakland Athletics batting - Pitching for Washington Nationals : LHP Bobby Fish
Batting: RHB Tony Johnson 0-0: Called Strike
0-1: Called Strike
0-2: Fly out, F4 (Popup, 4M, EV 60.0 MPH)
Batting: RHB Jhoan Paulino 0-0: Ground out 4-3 (Groundball, 4S, EV 85.6 MPH)
Batting: SHB Henyer Gomez 0-0: Ball
1-0: Ground out 6-3 (Groundball, 56, EV 82.5 MPH)
Bottom of the 5th over - 0 runs, 0 hits, 0 errors, 0 left on base; Washington 0 - Oakland 6
TOP OF THE 6TH
Washington Nationals batting - Pitching for Oakland Athletics : LHP Leo Ortiz
Batting: LHB Irving Cranshaw 0-0: Called Strike
0-1: SINGLE (Groundball, 34D, EV 101.3 MPH)
Batting: SHB Jacob Holloway 0-0: Ball
1-0: Grounds into double play, 3-6-3 (Groundball, 3, EV 101.9 MPH)
Pinch Hitting: RHB Dan Goldsmith 0-0: Foul Ball, location: 7LSF
0-1: Ball
1-1: Ball
2-1: Called Strike
2-2: Ball
3-2: Base on Balls
Batting: RHB Jose Aguilar 0-0: Ball
1-0: Fly out, F7 (Flyball, 7, EV 81.9 MPH)
Top of the 6th over - 0 runs, 1 hit, 0 errors, 1 left on base; Washington 0 - Oakland 6
BOTTOM OF THE 6TH
Oakland Athletics batting - Pitching for Washington Nationals : LHP Bobby Fish
Now at 1B: Jacob Holloway
Now in LF: Dan Goldsmith
Batting: LHB Jose Gonzalez 0-0: Called Strike
0-1: Ball
1-1: Called Strike
1-2: Strikes out looking
Batting: LHB Emmanuel Mejia 0-0: Called Strike
0-1: Ground out 6-3 (Groundball, 4M, EV 84.4 MPH)
Batting: LHB Doug Yoder 0-0: Called Strike
0-1: Ball
1-1: Foul Ball, location: 2LF
1-2: Ball
2-2: Reached on error, E6 (Groundball, 6, EV 85.6 MPH)
Batting: SHB Bobby Alicea 0-0: Foul Ball, location: 9LDF
0-1: Foul Ball, location: 2F
0-2: Ball
1-2: Foul Ball, location: 3FF
1-2: Ground out 2-3 (Groundball, 2L, EV 73.8 MPH)
Bottom of the 6th over - 0 runs, 0 hits, 1 error, 1 left on base; Washington 0 - Oakland 6
TOP OF THE 7TH
Washington Nationals batting - Pitching for Oakland Athletics : LHP Leo Ortiz
Batting: LHB Eddie Baker 0-0: Ball
1-0: Ball
2-0: Ball
3-0: Base on Balls
Batting: RHB Bob Erway 0-0: Called Strike
0-1: Called Strike
0-2: Strikes out swinging
Batting: LHB Dan Belk 0-0: Called Strike
0-1: Ball
1-1: Called Strike
1-2: Strikes out looking
Batting: RHB Ian Peters 0-0: Ball
1-0: Foul Ball, location: 9LDF
1-1: Ball
2-1: Ball
3-1: Base on Balls
Eddie Baker to second
Batting: LHB Dorian Gonzalez 0-0: Ball
1-0: Called Strike
1-1: Swinging Strike
1-2: SINGLE (Groundball, 56D, EV 103.1 MPH)
Eddie Baker to third
Ian Peters to second
Runner from 3rd tries for Home, SAFE, throw by LF to home
Pitching: LHP Ty Federici
Batting: LHB Irving Cranshaw 0-0: Ground out U3 (Groundball, 3L, EV 85.6 MPH)
Top of the 7th over - 1 run, 1 hit, 0 errors, 2 left on base; Washington 1 - Oakland 6
BOTTOM OF THE 7TH
Oakland Athletics batting - Pitching for Washington Nationals : LHP Bobby Fish
Batting: RHB Mike Alderson 0-0: Foul Ball, location: 2F
0-1: Foul Ball, location: 2F
0-2: Strikes out swinging
Batting: RHB Jake Corbett 0-0: Swinging Strike
0-1: Ball
1-1: DOUBLE (Line Drive, 89D, EV 103.1 MPH)
Batting: RHB Tony Johnson 0-0: Called Strike
0-1: Foul Ball, location: 3F
0-2: Ball
1-2: Ball
2-2: Ball
3-2: Ground out 5-3 (Groundball, 56S, EV 92.5 MPH)
Batting: RHB Jhoan Paulino 0-0: Called Strike
0-1: Ball
1-1: Ball
2-1: Ball
3-1: Foul Ball, location: 5FF
3-2: Foul Ball, location: 7LSF
3-2: Base on Balls
Pitching: RHP Chris Whitlock
Batting: SHB Henyer Gomez 0-0: Ball
1-0: Ball
2-0: Foul Ball, location: 2F
2-1: Swinging Strike
2-2: Fly out, F8 (Flyball, 8LM, EV 90.6 MPH)
Bottom of the 7th over - 0 runs, 1 hit, 0 errors, 2 left on base; Washington 1 - Oakland 6
TOP OF THE 8TH
Washington Nationals batting - Pitching for Oakland Athletics : LHP Ty Federici
Batting: SHB Jacob Holloway 0-0: Ball
1-0: Called Strike
1-1: Ball
2-1: Foul Ball, location: 9LMF
2-2: Foul Ball, location: 7LDF
2-2: Ball
3-2: Foul Ball, location: 25FF
3-2: Ground out 4-3 (Groundball, 4S, EV 66.3 MPH)
Batting: RHB Dan Goldsmith 0-0: Ball
1-0: Ball
2-0: Called Strike
2-1: Ground out 6-3 (Groundball, 6, EV 85.0 MPH)
Batting: RHB Jose Aguilar 0-0: Ball
1-0: Ball
2-0: Ball
3-0: Base on Balls
Batting: LHB Eddie Baker 0-0: SINGLE (Groundball, 34D, EV 94.4 MPH)
Jose Aguilar to second
Runner from 2nd tries for 3rd, SAFE, no throw by RF
Batting: RHB Bob Erway 0-0: Called Strike
0-1: Swinging Strike
0-2: Strikes out swinging
Top of the 8th over - 0 runs, 1 hit, 0 errors, 2 left on base; Washington 1 - Oakland 6
BOTTOM OF THE 8TH
Oakland Athletics batting - Pitching for Washington Nationals : RHP Chris Whitlock
Batting: LHB Jose Gonzalez 0-0: Called Strike
0-1: Ball
1-1: Swinging Strike
1-2: Ball
2-2: Ball
3-2: SINGLE (Line Drive, 7S, EV 93.8 MPH)
Batting: LHB Emmanuel Mejia 0-0: Called Strike
0-1: Foul Ball, location: 2F
0-2: Strikes out swinging
Batting: LHB Doug Yoder 0-0: Called Strike
0-1: Ball
1-1: Foul Ball, location: 2F
1-2: TRIPLE (Line Drive, 89XD, EV 105.6 MPH)
Jose Gonzalez scores
Batting: SHB Bobby Alicea 0-0: Ball
1-0: Ball
2-0: Ball
3-0: Called Strike
3-1: Base on Balls
Batting: RHB Mike Alderson 0-0: Fielders Choice at 2nd, 5-4 (Groundball, 5, EV 85.0 MPH)
Doug Yoder scores
Batting: RHB Jake Corbett 0-0: Foul Ball, location: 2F
0-1: Ball
1-1: Foul Ball, location: 3DF
1-2: Foul Ball, location: 2F
1-2: Ball
2-2: Ball
3-2: Strikes out looking
Bottom of the 8th over - 2 runs, 2 hits, 0 errors, 1 left on base; Washington 1 - Oakland 8
TOP OF THE 9TH
Washington Nationals batting - Pitching for Oakland Athletics : LHP Ty Federici
Batting: LHB Dan Belk 0-0: Called Strike
0-1: Foul Ball, location: 3F
0-2: Hit by Pitch
Batting: RHB Ian Peters 0-0: Called Strike
0-1: Ball
1-1: SINGLE (Line Drive, 6D, EV 99.4 MPH)
Dan Belk to second
Pinch Hitting: RHB Juan Lopez 0-0: Called Strike
0-1: Ball
1-1: Fly out, F9 (Flyball, 9, EV 83.8 MPH)
Pinch Hitting: RHB Victor Buendia 0-0: Called Strike
0-1: Ball
1-1: Foul Ball, location: 5FF
1-2: Strikes out looking
Batting: SHB Jacob Holloway 0-0: Ball
1-0: Ball
2-0: Foul Ball, location: 9LDF
2-1: DOUBLE (Flyball, 8RXD, EV 95.0 MPH)
Dan Belk scores
Ian Peters to third
Batting: RHB Dan Goldsmith 0-0: Ball
1-0: Swinging Strike
1-1: Ball
2-1: Foul Ball, location: 9LMF
2-2: Foul Ball, location: 2F
2-2: Ball
3-2: Base on Balls
Batting: RHB Jose Aguilar 0-0: Ball
1-0: Foul Ball, location: 25FF
1-1: SINGLE (Flyball, 5D, EV 90.6 MPH)
Ian Peters scores
Jacob Holloway to third
Dan Goldsmith to second
Pitching: RHP Jonas Natividad
Batting: LHB Eddie Baker 0-0: Fly out, F8 (Flyball, 8LS, EV 98.1 MPH)
Top of the 9th over - 2 runs, 3 hits, 0 errors, 3 left on base; Washington 3 - Oakland 8
Thursday, March 28th , 2024 - OOTP Baseball 24.11 Build 85